 Dungeon Crawl Stone Soup version 0.28.0 (webtiles) character file.

Game seed: 13266712657716670425

53 Hasart the Ruffian (level 3, -4/28 HPs)
             Began as a Demigod Transmuter on Feb 9, 2022.
             Slain by a gnoll shaman (8 damage)
             ... on level 2 of the Dungeon.
             The game lasted 00:01:22 (1129 turns).

Hasart the Ruffian (Demigod Transmuter)             Turns: 1129, Time: 00:01:23

Health: -4/28      AC:  2    Str: 15    XL:     3   Next: 42%
Magic:  17/17      EV: 12    Int: 15    God:
Gold:   52         SH:  0    Dex: 14    Spells: 3/6 levels left

rFire   . . .      SeeInvis .     - Unarmed
rCold   . . .      Faith    .   (no shield)
rNeg    . . .      Spirit   .   a - +0 robe
rPois   .          Reflect  .   (helmet currently unavailable)
rElec   .          Harm     .   (no cloak)
rCorr   .          Rampage  .   (no gloves)
Will    .....                   (boots currently unavailable)
Stlth   +.........              (no amulet)
HPRegen 0.09/turn               d - ring of magical power
MPRegen 0.15/turn               (no ring)

@: appendages (expiring)
A: horns 2, talons 2, high MP 1, forlorn, divine attributes
a: End Transformation


You were on level 2 of the Dungeon.
You had temporarily grown beastly horns and talons.
You visited 1 branch of the dungeon, and saw 2 of its levels.

You collected 52 gold pieces.

Inventory:

Armour
 a - a +0 robe (worn)
Jewellery
 d - a ring of magical power (left hand)
Scrolls
 c - a scroll of immolation {unknown}
Potions
 b - a potion of brilliance {unknown}


   Skills:
 + Level 1.5 Fighting
 + Level 2.1 Dodging
 * Level 3.2 Unarmed Combat
 + Level 2.1 Spellcasting
 + Level 2.2 Transmutations


You had 3 spell levels left.
You knew the following spells:

 Your Spells              Type           Power      Damage    Failure   Level
a - Beastly Appendage     Tmut           16%        N/A       9%          1
b - Wereblood             Tmut           8%         N/A       13%         2

Your spell library contained the following spells:

 Spells                   Type           Power      Damage    Failure   Level
 Spider Form              Tmut/Pois      4%         N/A       38%         3
 Ice Form                 Ice/Tmut       4%         N/A       80%         4


Dungeon Overview and Level Annotations

Branches:
Dungeon (2/15)


Innate Abilities, Weirdness & Mutations

You have temporarily grown beastly horns and talons.
You have an increased reservoir of magic. (+10% MP)
You shall have no god before yourself.
Your divine heritage dramatically boosts your attributes as you level up.


Message History

A goblin comes into view. It is wielding a +0 club.
The goblin shouts!
You hear a shout!
You see here a +0 dagger.
A gnoll comes into view.
It is wielding a +0 whip of electrocution.
There are monsters nearby!
A gnoll shaman comes into view. It is wielding a +0 whip.
The gnoll shaman shouts!
Your horns disappear.
Your talons disappear.
You open the door.
There is an open door here.
Found a faded altar of an unknown god.
The goblin hits you but does no damage.
Casting: Beastly Appendage (safe; 9% risk of failure)
Confirm with . or Enter, or press ? or * to list all spells.
You grow a pair of large bovine horns.
Your feet morph into talons.
The goblin hits you with a +0 club.
You completely miss the goblin. You claw the goblin.
Your headbutt misses the goblin.
The goblin is moderately wounded.
The goblin hits you with a +0 club.
You hit the goblin. Your kick misses the goblin.
The goblin is severely wounded.
The goblin hits you but does no damage.
You hit the goblin.
You kill the goblin!
You hit the gnoll. You claw the gnoll.
You kill the gnoll!
The gnoll shaman hits you with a +0 whip.
Things that are here:
a +0 whip of electrocution; a +0 club; a gnoll corpse You hit the gnoll shaman but do no damage.
You claw the gnoll shaman, but do no damage.
The gnoll shaman hits you with a +0 whip!
* * * LOW HITPOINT WARNING * * *
You hit the gnoll shaman.
You claw the gnoll shaman, but do no damage.
The gnoll shaman is lightly wounded.
Your transformation is almost over.
The gnoll shaman hits you with a +0 whip!
You die...

#<.†....#.##..##.#
#.......#..♣..≈≈.#.
####....≈≈.≈♣≈.....
#.......≈≈.≈.≈.. # #
#..†.≈.....≈≈... ..#.
#...)≈≈≈..♣≈♣##. .....
#...#≈≈≈≈.≈.≈≈..
......###.........≈.≈.#.
......_.@#.##.≈..≈.≈≈##
......###g.##.≈≈≈.≈≈...
..... ##'##..≈≈≈.♣.≈.#
..#. #...#...#......# .
# #...##..######.#
#...##...#
#####..###.#.#
#......###...####
#.....g....†.$..#


You could see a gnoll shaman.

Vanquished Creatures
  A gnoll (D:2)
  An adder (D:2)
  A dart slug (D:1)
  3 ball pythons (D:1)
  3 bats
  3 endoplasms
  4 goblins
  4 hobgoblins
  3 quokkas (D:1)
  3 kobolds (D:1)
  4 rats (D:1)
30 creatures vanquished.

Notes
Turn   | Place    | Note
-------+----------+-------------------------------------------
     0 | D:1      | Hasart the Demigod Transmuter began the quest for the Orb.
     0 | D:1      | Reached XP level 1. HP: 15/15 MP: 5/5
   236 | D:1      | Reached skill level 1 in Fighting
   328 | D:1      | Reached XP level 2. HP: 17/23 MP: 5/7
   454 | D:1      | Reached skill level 3 in Unarmed Combat
   814 | D:1      | Learned a level 2 spell: Wereblood
   950 | D:2      | Reached XP level 3. HP: 18/28 MP: 6/8
  1129 | D:2      | Slain by a gnoll shaman

Illustrated notes

Levels and vault maps discovered:
D:1:      lemuel_arrival_behind_the_door_small, layout_rooms
D:2:      layout_basic, shapermc_ecumenical_altar_mp_highgroup, serial_rivers,
          chequers_serial_rivers_micro_a, chequers_serial_rivers_marsh,
          chequers_serial_rivers_micro_d, chequers_serial_rivers_large_a,
          chequers_serial_rivers_small_b, chequers_serial_rivers_micro_b

Skill      XL: |  1  2 |
---------------+-------+-----
Fighting       | 1 |  1.5
Dodging        | 2 |  2.1
Unarmed Combat | 3 |  3.2
Spellcasting   | 2 |  2.1
Transmutations | 2 |  2.2

Action                   || total
-------------------------++-------
Melee: Unarmed           ||    68
       Kick              ||    21
       Headbutt          ||     4
       Punch             ||     1
 Cast: Beastly Appendage ||    16
Armor: Robe              ||    10
Dodge: Dodged            ||    37
